 Dungeon Crawl Stone Soup version 0.16.0-16-g311141a (webtiles) character file.

137 dysrexia the Stinger (level 5, 0/21 HPs)
             Began as a Felid Venom Mage on Mar 19, 2015.
             Slain by Weresquid's ghost (7 damage)
             ... on level 5 of the Dungeon.
             The game lasted 00:19:33 (3484 turns).

dysrexia the Stinger (Felid Venom Mage)             Turns: 3484, Time: 00:19:33

Health: 0/21       AC:  1    Str:  4    XL:     5   Next: 0%
Magic:  12/12      EV: 18    Int: 18    God:
Gold:   209        SH:  0    Dex: 16    Spells: 2 memorised, 4 levels left
                                        Lives:  0   Deaths: 1

rFire  . . .     SeeInvis +     (weapon unavailable)
rCold  . . .     Clarity  .     (armour unavailable)
rNeg   . . .     SustAb   .     (shield unavailable)
rPois  .         Gourm    .     (helmet unavailable)
rElec  .         Spirit   .     (cloak unavailable)
rCorr  .         Warding  .     (gloves unavailable)
rMut   .         Stasis   .     (boots unavailable)
MR     .....                    (no amulet)
Stlth  +++.......               (no ring)
                                (no ring)

@: quick, not resistant to hostile enchantments, fairly stealthy
A: paw claws, no armour, no weapons or thrown items, fangs 3, see invisible,
carnivore 3, speed 1, shaggy fur 1, slow metabolism 1, sharp paws
a: no special abilities


You were on level 5 of the Dungeon.
You were not hungry.

You visited 1 branch of the dungeon, and saw 5 of its levels.

You collected 209 gold pieces.

Inventory:

Scrolls
 a - a scroll of identify
 g - 2 scrolls of immolation
 l - a scroll of remove curse
 m - a scroll of fog
Potions
 d - 2 potions of resistance
 e - 4 potions of curing
 f - a potion of magic
 h - a potion of brilliance
 k - a potion of ambrosia
Books
 b - a Young Poisoner's Handbook

   Spells                             Type                      Level
   a - Sting                          Conjuration/Poison           1
   b - Cure Poison                    Poison                       2
   c - Mephitic Cloud                 Conjuration/Poison/Air       3
   d - Olgreb's Toxic Radiance        Poison                       4
   e - Venom Bolt                     Conjuration/Poison           5
 i - a book of Geomancy

   Spells                             Type                      Level
   a - Sandblast                      Earth                        1
   b - Stoneskin                      Transmutation/Earth          2
   c - Passwall                       Transmutation/Earth          3
   d - Stone Arrow                    Conjuration/Earth            3
   e - Petrify                        Transmutation/Earth          4
   f - Lee's Rapid Deconstruction     Earth                        5
Comestibles
 c - 4 meat rations
 j - a royal jelly


   Skills:
 - Level 2.6 Dodging
 - Level 2.6 Stealth
 - Level 2.0 Spellcasting
 + Level 3.8 Conjurations
 - Level 2.0 Air Magic
 + Level 4.6 Poison Magic


You had 4 spell levels left.
You knew the following spells:

 Your Spells              Type           Power        Failure   Level  Hunger
a - Sting                 Conj/Pois      ###.         3%          1    #......
b - Mephitic Cloud        Conj/Pois/Air  ##......     14%         3    ###....


Dungeon Overview and Level Annotations

Branches:
Dungeon (5/15)
 Temple: D:4-7

Altars:
Makhleb
Xom

Annotations:
D:4 gabygaby's ghost, experienced TeCj
D:5 Weresquid's ghost, experienced OpSu


Innate Abilities, Weirdness & Mutations

You cannot wear armour.
You are incapable of wielding weapons or throwing items.
You have razor-sharp teeth.
You have supernaturally acute eyesight.
You are carnivorous and can eat meat at any time.
You cover ground quickly.
You are covered in fur (AC +1).
You have a slow metabolism.
Your paws have sharp claws that are effective at stabbing.


Message History

You scratch Weresquid's ghost!
Weresquid's ghost is heavily damaged.
The rat closely misses you. Weresquid's ghost misses you.
You scratch Weresquid's ghost.
Weresquid's ghost is heavily damaged.
The rat completely misses you.
Weresquid's ghost completely misses you.
You scratch Weresquid's ghost.
Weresquid's ghost is severely damaged.
The rat closely misses you. Weresquid's ghost closely misses you.
You closely miss Weresquid's ghost.
Weresquid's ghost is severely damaged.
The rat closely misses you. Weresquid's ghost barely misses you.
You closely miss Weresquid's ghost.
Weresquid's ghost is severely damaged.
The rat bites you. Weresquid's ghost hits you.
You scratch Weresquid's ghost.
Weresquid's ghost is severely damaged.
The rat barely misses you. Weresquid's ghost hits you!
You die...

#r##
#..#
##.#
#.#
#.##
#..#
#..#
##r##
##@W#
#...#
#...#
##..#
####


You could see Weresquid's ghost and a rat.

Vanquished Creatures
  A scorpion (D:4)
  A hound (D:4)
  2 worker ants (D:4)
  6 adders
  3 gnolls (D:2)
  A worm (D:3)
  3 orcs (D:3)
  2 ball pythons
  3 giant cockroaches
  5 hobgoblins
  An ooze (D:1)
  A quokka (D:4)
  8 bats
  5 giant newts
  11 goblins
  7 kobolds
  4 rats
64 creatures vanquished.

Notes
Turn   | Place    | Note
--------------------------------------------------------------
     0 | D:1      | dysrexia, the Felid Venom Mage, began the quest for the Orb.
     0 | D:1      | Reached XP level 1. HP: 7/7 MP: 4/4
   271 | D:1      | Reached skill level 1 in Conjurations
   345 | D:1      | Reached XP level 2. HP: 11/11 MP: 3/5
   724 | D:2      | Reached skill level 4 in Poison Magic
   724 | D:2      | Reached XP level 3. HP: 14/14 MP: 1/8
  1358 | D:2      | Reached XP level 4. HP: 18/18 MP: 8/10
  1599 | D:2      | Learned a level 3 spell: Mephitic Cloud
  1749 | D:2      | You fall through a shaft!
  2274 | D:3      | Reached skill level 1 in Air Magic
  2522 | D:3      | Noticed an orc warrior
  2707 | D:4      | Reached XP level 5. HP: 16/21 MP: 9/12
  2756 | D:4      | Found a burning altar of Makhleb.
  2756 | D:4      | Found a shimmering altar of Xom.
  2929 | D:4      | Noticed gabygaby's ghost (experienced TeCj)
  3108 | D:4      | HP: 1/21 [gabygaby's ghost/magic dart (8)]
  3111 | D:4      | Killed from afar by an orc priest
  3112 | D:4      | Reached XP level 4. HP: -11/18 MP: 7/10
  3119 | D:4      | Reached XP level 5. HP: 21/21 MP: 12/12
  3246 | D:5      | Entered Level 5 of the Dungeon
  3403 | D:5      | Noticed Weresquid's ghost (experienced OpSu)
  3484 | D:5      | Slain by Weresquid's ghost

Action                   |  1- 3 |  4- 6 || total
-------------------------+-------+-------++-------
Melee: Unarmed           |    13 |    28 ||    41
 Cast: Sting             |    40 |    99 ||   139
       Mephitic Cloud    |       |     1 ||     1
  Use: Scroll            |       |    14 ||    14
 Stab: Sleeping          |     1 |       ||     1
  Eat: Chunk             |     8 |     4 ||    12
